Map: Persephone LE

Players

KimChiLoVer - Winner!

  • Race: Terran Terran
  • Spawn Location: 11:00

A.I. 1 (Elite)

  • Race: Terran Terran
  • Spawn Location: 7:00

VOD

Have the link to the VOD?

Description

Time

  • Played on: Aug. 4, 2025, 7:19 p.m.
  • Length: 9:11
Show
View Real Time Build Order
Export as new Build Order

KimChiLoVer Terran - Winner!

Build Orders: Reaper Expand 

Get SALT Encoding   

  12  0:00  SCV  
  13  0:12  SCV  
  14  0:18  Supply Depot  
  14  0:25  SCV  
  15  0:40  SCV  
  15  0:41  Barracks  
  16  0:45  Refinery  
  16  0:52  SCV  
  17  1:04  SCV  
  18  1:16  SCV  
  19  1:29  Reaper  
  19  1:30  Orbital Command  
  20  1:43  Command Center  
  20  1:57  SCV  
  21  2:05  Factory  
  21  2:08  Refinery  
  21  2:09  SCV  
  22  2:18  Supply Depot  
  22  2:50  SCV  
  23  2:51  Barracks Reactor  
  23  2:53  Supply Depot  
  21  3:01  Factory Tech Lab  
  21  3:02  Orbital Command  
  21  3:03  SCV  
  22  3:15  SCV  
  23  3:22  Cyclone  
  26  3:27  Starport, SCV  
  26  3:30  Marine x2  
  26  3:31  SCV  
  30  3:39  SCV  
  31  3:43  SCV  
  32  3:51  SCV  
  32  3:53  Command Center  
  36  3:55  SCV  
  34  4:07  SCV  
  35  4:14  Refinery  
  35  4:15  SCV  
  35  4:16  Refinery  
  36  4:19  SCV  
  36  4:20  Marine  
  36  4:21  Stimpack  
  36  4:22  Factory Reactor  
  36  4:23  Viking  
  40  4:27  SCV  
  40  4:29  Supply Depot  
  41  4:32  SCV  
  42  4:39  SCV  
  42  4:41  Barracks  
  42  4:44  Barracks, SCV  
  44  4:56  Viking x2, SCV  
  44  4:58  Marine  
  50  5:03  SCV  
  51  5:08  SCV  
  52  5:14  Factory Tech Lab  
  52  5:16  Marine  
  52  5:18  SCV  
  52  5:20  SCV  
  56  5:22  Orbital Command  
  56  5:26  Medivac x2  
  59  5:30  SCV  
  59  5:32  Barracks Reactor, SCV  
  61  5:38  Supply Depot  
  62  5:42  SCV  
  62  5:44  SCV  
  62  5:47  Supply Depot  
  63  5:50  Engineering Bay  
  63  5:54  Engineering Bay  
  63  5:55  SCV  
  63  5:56  SCV  
  65  6:03  Marine  
  65  6:04  Marine x2, Orbital Command  
  67  6:05  Siege Tank  
  67  6:07  SCV  
  67  6:08  SCV  
  73  6:18  Barracks  
  73  6:19  SCV  
  73  6:20  Barracks, SCV  
  73  6:21  Marine, Supply Depot  
  73  6:22  Terran Infantry Weapons Level 1  
  76  6:27  Medivac  
  76  6:28  Medivac  
  76  6:31  SCV  
  76  6:32  SCV  
  82  6:36  Terran Infantry Armor Level 1  
  82  6:43  SCV  
  82  6:44  SCV  
  82  6:46  Marine  
  82  6:47  Marine x2, Combat Shield  
  85  6:49  Siege Tank  
  90  6:55  Marine x2  
  90  6:56  SCV  
  90  6:57  SCV x2  
  90  7:00  Supply Depot  
  95  7:04  Marine  
  95  7:06  Barracks Reactor  
  96  7:09  Barracks Reactor, SCV  
  96  7:14  Supply Depot  
  97  7:18  Armory  
  97  7:21  Command Center, SCV  
  98  7:28  SCV x2  
  100  7:31  Refinery x2  
  100  7:32  Marine x4  
  100  7:36  Medivac x2  
  106  7:40  SCV x2  
  95  8:02  Marine x2  
  95  8:03  Marine x4  
  95  8:04  Marine  
  81  8:21  Marine x2  
  81  8:22  Marine x3  
  81  8:29  Marine  
  81  8:30  Marine x3  
  81  8:32  Medivac x2  
  86  8:39  Marine  
  83  8:52  Marine x2  
  85  8:59  Supply Depot  
  85  9:00  Supply Depot  
  85  9:02  Supply Depot  
Show
View Real Time Build Order
Export as new Build Order

A.I. 1 (Elite) Terran 

Build Orders:  

Get SALT Encoding   

  12  0:00  SCV  
  13  0:13  SCV  
  14  0:18  Supply Depot  
  14  0:25  SCV  
  15  0:29  Refinery  
  15  0:39  SCV  
  16  0:46  Barracks  
  16  0:52  SCV  
  17  1:04  SCV  
  18  1:16  SCV  
  19  1:34  Marine  
  19  1:37  Orbital Command, Factory  
  19  1:39  Supply Depot  
  20  1:47  Barracks  
  20  1:52  Marine  
  21  2:02  Refinery, SCV  
  22  2:10  Marine  
  22  2:14  SCV  
  24  2:18  Supply Depot  
  24  2:22  Factory Tech Lab  
  24  2:26  SCV  
  24  2:28  Barracks Tech Lab  
  24  2:41  Hellion  
  26  2:49  Concussive Shells  
  26  2:50  Marauder  
  28  2:54  Barracks Tech Lab  
  28  3:02  Hellion  
  28  3:05  SCV  
  31  3:11  Marauder  
  33  3:13  Marauder  
  33  3:19  Supply Depot  
  35  3:24  Hellion  
  37  3:32  Marauder  
  39  3:40  Marine, SCV  
  41  3:42  Supply Depot  
  41  3:52  SCV  
  41  3:53  Marine  
  43  3:58  Marauder  
  45  4:05  SCV  
  46  4:11  Marine  
  46  4:14  Supply Depot  
  48  4:17  SCV  
  48  4:20  Marauder, Stimpack  
  50  4:29  Marine  
  51  4:41  Marauder  
  53  4:47  Marine  
  54  4:53  Engineering Bay  
  54  4:59  Supply Depot  
  54  5:03  Marauder  
  54  5:04  Marine  
  57  5:07  Command Center  
  57  5:20  Terran Infantry Weapons Level 1  
  57  5:22  Marine  
  57  5:24  Marine  
  59  5:34  Engineering Bay  
  59  5:40  Marine  
  59  5:41  Barracks  
  60  5:44  Combat Shield  
  60  5:50  Marine  
  61  5:58  Marine  
  61  5:59  Terran Infantry Armor Level 1  
  62  6:06  Siege Tank  
  62  6:09  Marauder  
  67  6:12  Supply Depot  
  67  6:16  Marauder  
  69  6:20  SCV  
  69  6:23  SCV  
  71  6:28  Barracks Reactor  
  71  6:32  SCV  
  72  6:35  SCV  
  73  6:44  SCV  
  74  6:47  SCV  
  78  6:54  Siege Tank  
  78  6:56  SCV  
  78  6:59  SCV  
  80  7:02  Command Center  
  80  7:09  SCV  
  80  7:11  Orbital Command  
  81  7:20  Supply Depot  
  81  7:21  SCV  
  82  7:26  Siege Tank  
  82  7:27  Missile Turret  
  85  7:33  Armory, SCV  
  86  7:38  SCV  
  87  7:45  SCV  
  87  7:50  SCV  
  86  7:56  Marine  
  86  7:57  Armory, SCV  
  77  8:00  Marine  
  77  8:02  SCV  
  74  8:09  SCV  
  64  8:14  SCV x2  
  64  8:16  Marine  
  64  8:19  Marine  
  47  8:30  Marine  
  39  8:39  Marine  
  25  8:56  SCV  
Tags
 
Matchup
TvT
Race
Terran
Spawn Locations
Close Positions
Add a new tag
Caveats
  • Supply blocks, unpowered buildings, or Contaminate may cause inaccurate times.
  • Supply counts are checked every 10 seconds.